 Dungeon Crawl Stone Soup version 0.27-a0-1188-g73eefd5def (webtiles) character file.

Game seed: 16273561304324703153

194 bande the Shield-Bearer (level 5, 0/33 HPs)
             Began as a Gargoyle Fighter on May 22, 2021.
             Slain by Duvessa
             ... wielding a +3 short sword of holy wrath
              (7 damage)
             ... on level 4 of the Dungeon.
             The game lasted 00:04:26 (2819 turns).

bande the Shield-Bearer (Gargoyle Fighter)          Turns: 2819, Time: 00:04:27

Health: 0/33       AC: 13    Str: 20    XL:     5   Next: 73%
Magic:  5/5        EV:  7    Int:  8    God:
Gold:   113        SH:  9    Dex: 10    Spells: 4/4 levels left

rFire    . . .     SeeInvis .   a - +0 war axe
rCold    . . .     Faith    .   c - +0 kite shield
rNeg     + . .     Spirit   .   b - +0 scale mail
rPois    ∞         Reflect  .   (no helmet)
rElec    +         Harm     .   h - +0 cloak
rCorr    .         Rampage  .   (no gloves)
Will     .....                  i - +0 pair of boots
Stlth    ..........             (no amulet)
HPRegen  0.11/turn              (no ring)
MPRegen  0.09/turn              (no ring)

@: mighty
A: sickness immunity, AC +4, negative energy resistance 1, electricity
resistance, torment resistance 1, petrification resistance
a: no special abilities


You were on level 4 of the Dungeon.
You visited 1 branch of the dungeon, and saw 4 of its levels.

You collected 155 gold pieces.
You spent 42 gold pieces at shops.

Inventory:

Hand Weapons
 a - a +0 war axe (weapon)
 g - a +0 flail
Armour
 b - a +0 scale mail (worn)
 c - a +0 kite shield (worn)
 h - a +0 cloak (worn)
 i - a +0 pair of boots (worn)
Potions
 d - a potion of might
 e - a potion of haste
 f - a potion of curing
 j - a potion of flight


   Skills:
 + Level 4.1 Fighting
 + Level 3.3 Axes
 + Level 4.1 Armour
 + Level 0.7 Dodging
 + Level 4.3 Shields


You had 4 spell levels left.
You didn't know any spells.
Your spell library contained the following spells:

 Spells                   Type           Power      Damage    Failure   Level
 Beastly Appendage        Tmut           0%         N/A       99%         1
 Wereblood                Tmut           0%         N/A       100%        2
 Confusing Touch          Hex            0%         N/A       100%        3
 Gell's Gravitas          Tloc           0%         N/A       100%        3
 Spider Form              Tmut/Pois      0%         N/A       100%        3
 Ice Form                 Ice/Tmut       0%         N/A       100%        4
 Petrify                  Tmut/Erth      0%         N/A       100%        4
 Hydra Form               Tmut           0%         N/A       100%        5
 Metabolic Englaciation   Hex/Ice        0%         N/A       100%        5
 Yara's Violent Unravell  Hex/Tmut       0%         3d3       100%        5


Dungeon Overview and Level Annotations

Branches:
Dungeon (4/15)
 Temple: D:4-7

Altars:
Ashenzari
Dithmenos

Shops:
D:3 !

Annotations:
D:4 Dowan, Duvessa


Innate Abilities, Weirdness & Mutations

You are immune to sickness and miasma.
Your stone body is resilient. (AC +4)
You are immune to poison.
You resist negative energy. (rN+)
You are resistant to electric shocks. (rElec)
You are resistant to unholy torment.
You are immune to petrification.


Message History

You barely miss Dowan.
Dowan is moderately wounded.
You hit Duvessa. You block Duvessa's attack.
Dowan mumbles some strange words.
Dowan blinks!
You block Duvessa's attack. Duvessa completely misses you.
Unknown command.
Unknown command.
You barely miss Duvessa.
Duvessa is moderately wounded.
You block Duvessa's attack.
Dowan says, "My weaknesses are her strengths!"
Dowan points at you and mumbles some strange words.
The puff of frost misses you.
Duvessa hits you with a +3 short sword of holy wrath!
You feel very mighty all of a sudden. Duvessa hits you but does no damage.
You block Duvessa's attack.
You hit Duvessa.
Duvessa is heavily wounded.
You block Duvessa's attack. Duvessa hits you but does no damage.
You barely miss Duvessa.
Duvessa is heavily wounded.
Duvessa hits you with a +3 short sword of holy wrath.
Duvessa barely misses you.
You slash Dowan!
Dowan is severely wounded.
You hit Duvessa. Duvessa hits you but does no damage.
Dowan drinks a potion.
Dowan is healed!
Duvessa hits you with a +3 short sword of holy wrath!
* * * LOW HITPOINT WARNING * * *
Dowan mumbles some strange words.
Dowan blinks!
Duvessa hits you with a +3 short sword of holy wrath.
* * * LOW HITPOINT WARNING * * *
A kobold comes into view. It is wielding a +0 short sword.
You are no longer glowing.
The kobold shouts!
You barely miss Duvessa.
Duvessa is heavily wounded.
Duvessa hits you with a +3 short sword of holy wrath!
You die...

#.......#.......
##...................#
#.<.................K..
#.....÷................
###....†..#..............
#........##.#.....>......
..##........#....#..)#...
...........###...........
.............#..@...e....
................e........
...#.....................
#####..(######...........
##### #........###
#.?.....(# #........#
#........# ##########


You could see Duvessa (fast), Dowan and a kobold.

Vanquished Creatures
  An ice beast (D:3)
  An orc wizard (D:4)
  An adder (D:4)
  A worm (D:2)
  4 orcs (D:4)
  5 endoplasms
  4 giant cockroaches
  6 goblins
  5 hobgoblins
  4 jackals (D:3)
  8 kobolds
  A quokka (D:3)
  6 ball pythons
  2 bats (D:1)
  2 frilled lizards
  3 rats
54 creatures vanquished.

Notes
Turn   | Place    | Note
-------+----------+-------------------------------------------
     0 | D:1      | bande the Gargoyle Fighter began the quest for the Orb.
     0 | D:1      | Reached XP level 1. HP: 14/14 MP: 1/1
   150 | D:1      | Reached XP level 2. HP: 19/19 MP: 2/2
   575 | D:1      | Reached XP level 3. HP: 11/24 MP: 3/3
  1756 | D:3      | Found a faded altar of an unknown god.
  1854 | D:3      | Noticed an ice beast
  1866 | D:3      | Killed an ice beast
  1867 | D:3      | Reached XP level 4. HP: 12/29 MP: 4/4
  1867 | D:3      | Reached XP level 5. HP: 13/33 MP: 5/5
  2049 | D:3      | Found a shadowy altar of Dithmenos.
  2087 | D:3      | Found Loevem's Distillery.
  2097 | D:3      | Bought a potion of attraction for 42 gold pieces
  2368 | D:3      | Found a broken altar of Ashenzari.
  2372 | D:3      | Saw a vision of the Shoals and the Spider Nest.
  2372 | D:3      | Noticed a redback
  2372 | D:3      | Noticed a wolf spider
  2372 | D:3      | Noticed a redback
  2372 | D:3      | Noticed a wolf spider
  2372 | D:3      | Noticed a merfolk
  2372 | D:3      | Noticed a merfolk siren
  2372 | D:3      | Noticed a centaur
  2372 | D:3      | Noticed a wind drake
  2372 | D:3      | Noticed a sea snake
  2373 | D:3      | Noticed a sea snake
  2374 | D:3      | Noticed a redback
  2802 | D:4      | Noticed Duvessa
  2802 | D:4      | Noticed Dowan
  2819 | D:4      | Slain by Duvessa

Illustrated notes

Levels and vault maps discovered:
D:1:      eino_arrival_cavern_b, layout_rooms, st_stairs_4
D:2:      layout_basic
D:3:      layout_rooms, grunt_ashenzari_visionary
          [grunt_ashenzari_visionary_shoals, grunt_ashenzari_visionary_spider],
          grunt_dithmenos_smoke, serial_shops, shop_statue,
          shapermc_ecumenical_altar_notcrosses, roderic_lattice_a,
          minmay_misc_feat_x, chequers_serial_rivers_large_a,
          chequers_serial_rivers_micro_c, skrybe_limestone_x
D:4:      layout_rooms, minmay_temple_entry_overgrown, uniq_duvessa,
          uniq_natasha

Skill      XL: |  1  2  3 |
---------------+----------+-----
Axes           | 2 3 |  3.3
Fighting       | 4 |  4.1
Armour         | 4 |  4.1
Shields        | 4 |  4.3
Dodging        | |  0.7

Action                   |  1- 3 |  4- 6 || total
-------------------------+-------+-------++-------
Melee: War axe           |   130 |    43 ||   173
  Use: Scroll            |     5 |     2 ||     7
       Potion            |       |     1 ||     1
Armor: Scale mail        |    74 |    25 ||    99
Dodge: Dodged            |    36 |    17 ||    53
Block: Kite shield       |    92 |    35 ||   127

Table legend: (Time is in decaauts)
 A = Elapsed time spent in this place.
 B = Non-inter-level travel time spent in this place.
 C = Inter-level travel time spent in this place.
 D = Time resting spent in this place.
 E = Time spent auto-exploring this place.
 F = Levels seen in this place.
 G = Mean time per level.
                   A        B        C        D        E       F      G
               +--------+--------+--------+--------+--------+-----+--------+
         Total |   2938 |   2915 |     23 |    567 |   1823 |   4 |  734.5 |
       Dungeon |   2938 |   2915 |     23 |    567 |   1823 |   4 |  734.5 |
               +--------+--------+--------+--------+--------+-----+--------+

Top non-repeatable levels by time:
     D:3: 1098 daAuts
     D:1: 894 daAuts
     D:2: 688 daAuts
     D:4: 256 daAuts
